 Dungeon Crawl Stone Soup version 0.31-a0-214-gb37851dbb3 (webtiles) character file.

Game seed: 8061393414400127219

16292 killer11drew the Cleaver (level 12, -18/81 HPs)
             Began as a Demonspawn Fighter on July 1, 2023.
             Was an Initiate of Gozag.
             Killed from afar by an ironbound thunderhulk (64 damage)
             ... with a bolt of lightning
             ... summoned by a worldbinder
             ... on level 1 of the Abyss on July 2, 2023.
             The game lasted 00:42:19 (9396 turns).

killer11drew the Cleaver (Demonspawn Fighter)       Turns: 9396, Time: 00:42:19

Health: -18/81     AC: 19    Str: 14    XL:     12   Next: 8%
Magic:  12/12      EV:  5    Int: 11    God:    Gozag
Gold:   1217       SH: 10    Dex: 23    Spells: 11/11 levels left

rFire   . . .        a - +2 war axe (elec)
rCold   + . .        x - +0 kite shield
rNeg    . . .        t - +4 chain mail {rC+}
rPois   .            (no helmet)
rElec   .            (cloak unavailable)
rCorr   +            (no gloves)
SInv    .            e - +0 pair of boots
Will    +....        n - amulet of regeneration Stlth
                     q - +6 ring of dexterity
HPRegen 1.13/turn    j - ring of resist corrosion
MPRegen 0.13/turn

%: no passive effects
@: about to teleport, very slow
A: icy blue scales 1, powered by death 3, spiny 1, weakness stinger 3,
strong-willed 1, weak 1
a: Renounce Religion, Potion Petition, Call Merchant, Bribe Branch


You were on level 1 of the Abyss.
You worshipped Gozag.
Gozag was most pleased with you.
You visited 3 branches of the dungeon, and saw 14 of its levels.
You visited the Abyss 1 time.

You collected 2694 gold pieces.
You paid 1477 gold pieces to Gozag.

Inventory:

Hand Weapons
 a - a +2 war axe of electrocution (weapon)
Missiles
 v - 2 throwing nets
Armour
 e - a +0 pair of boots (worn)
 t - a +4 chain mail of cold resistance (worn)
 x - a +0 kite shield (worn)
Jewellery
 b - a ring of fire
 f - a ring of magical power
 j - a ring of resist corrosion (right hand)
 n - an amulet of regeneration (around neck)
 q - a +6 ring of dexterity (left hand)
 u - an amulet of guardian spirit
 y - an amulet of reflection
 C - a ring of willpower
 E - a ring of flight
Wands
 c - a wand of paralysis (6)
 p - a wand of iceblast (4)
 s - a wand of flame (39)
 A - a wand of light (14)
Scrolls
 g - a scroll of amnesia
 z - a scroll of blinking
 B - a scroll of torment {unknown}
 D - 2 scrolls of identify
 F - a scroll of acquirement {unknown}
Potions
 h - 4 potions of curing
 i - 2 potions of lignification {unknown}
 k - a potion of enlightenment {unknown}
 l - 3 potions of ambrosia {unknown}
 m - a potion of mutation
 o - 4 potions of brilliance {unknown}
 r - 3 potions of attraction
 w - a potion of haste {unknown}


   Skills:
 - Level 3.0 Fighting
 * Level 14.8 Axes
 + Level 11.0 Armour
 - Level 2.6 Shields


You had 11 spell levels left.
You didn't know any spells.
Your spell library contained the following spells:

 Spells                   Type           Power      Damage    Failure   Level
 Foxfire                  Conj/Fire      0%         2x1d4     100%        1
 Magic Dart               Conj           0%         1d3       100%        1
 Summon Small Mammal      Summ           0%         N/A       100%        1
 Call Imp                 Summ           0%         N/A       100%        2
 Lesser Beckoning         Tloc           0%         N/A       100%        2
 Call Canine Familiar     Summ           0%         N/A       100%        3
 Gell's Gravitas          Tloc           0%         N/A       100%        3
 Mephitic Cloud           Conj/Pois/Air  0%         N/A       100%        3
 Ozocubu's Armour         Ice            0%         N/A       100%        3
 Summon Guardian Golem    Hex/Summ       0%         N/A       100%        3
 Teleport Other           Tloc           0%         N/A       100%        3
 Fireball                 Conj/Fire      0%         3d3       100%        5
 Plasma Beam              Fire/Air       0%         2x1d10    100%        6
 Starburst                Conj/Fire      0%         6d3       100%        6
 Ozocubu's Refrigeration  Ice            0%         4d7       100%        7


Dungeon Overview and Level Annotations

Branches:
Dungeon (11/15)            Temple (1/1) D:6            Lair (0/5) D:10
    Orc (2/2) D:11            Elf (0/3) Orc:2

Altars:
Ashenzari
Cheibriados
Dithmenos
Fedhas
Gozag
Hepliaklqana
Kikubaaqudgha
Makhleb
Nemelex Xobeh
Okawaru
Qazlal
Ru
Sif Muna
Trog
Uskayaw
Vehumet
Xom
Yredelemnul

Shops:
D:2 :   D:4 :   D:9 (   Orc:2 !

Annotations:
D:10 2 transporters, rinse's ghost, novice OpTm
Orc:2 Erolcha; Nessos


Innate Abilities, Weirdness & Mutations

You are partially covered in icy blue scales. (AC +2)
You regenerate a lot of health from kills.
You are partially covered in sharp spines.
You have a sharp stinger which inflicts weakening toxins.
You are strong-willed. (Will+)
You are weak. (Str -2)


Message History

No target in view!
No target in view!
No target in view!
No target in view!
You now have 1217 gold pieces (gained 10).
Unknown command.
Unknown command.
Unknown command.
Found a gateway leading deeper into the Abyss.
No target in view!
Why would you want to do that?
You enter the shallow water.
Moving in this stuff is going to be slow.
A hellwing comes into view.
There is a gateway leading deeper into the Abyss here.
You enter the shallow water.
Moving in this stuff is going to be slow.
A worldbinder comes into view.
A worldbinder is nearby!
The worldbinder calls forth creatures from the Vaults! x2
As you read the scroll of teleportation, it crumbles to dust.
You feel strangely unstable.
You feel the power of the Abyss delaying your translocation!
Electricity crackles from the ironbound thunderhulk's apparatus.
The bolt of lightning hits you!!!
The vault sentinel gestures at you while chanting.
You barely resist.
Unknown command.
Unknown command.
Unknown command.
The vault sentinel unwields a +0 long sword.
The vault sentinel wields a +0 arbalest.
The vault sentinel shoots a bolt.
The bolt hits you but does no damage.
Unknown command.
The hellwing hits you but does no damage. x2
Electricity crackles from the ironbound thunderhulk's apparatus.
The bolt of lightning hits you!!!
Ouch! That really hurt!
You die...
Your body crumbles into a pile of gold.

#.....##....#. #.#.#.
##.#..##.#§.#.##...... .
.##....#####.~#..#.u..##
......~~~≈~~~~~~~~~≈p~.#
.
.........~~♣♣≈~~~~~♣~♣~~
##
..#..##...###§§§§§~~O~~
. ....##.#.#§#§§x~~~~~≈~
. . ...
##...§§§4~♣~~~~~~≈
♣.#≈#~~@~≈~~~~≈≈# .
#.##~~>~≈≈###~~# . .
§.~~#~##### .#~#~~~ ~ ~
~≈~ ≈≈≈~≈≈~ . ...# .#.#


You could see an ironbound thunderhulk (summoned), a hellwing and a worldbinder.

Vanquished Creatures
  6 two-headed ogres
  A boulder beetle (D:11)
  2 orc sorcerers
  An ugly thing (D:11)
  A deep elf pyromancer (D:11)
  3 centaur zombies (D:10)
  A gargoyle (D:10)
  A large abomination (Abyss:1)
  A kobold demonologist (D:10)
  An unseen horror (D:7)
  2 komodo dragons (D:11)
  3 hornets
  A troll (D:11)
  A wyvern (D:9)
  3 vampires (D:10)
  Eustachio (D:4)
  2 vampire mosquitoes (D:11)
  2 steam dragons (D:9)
  2 wargs (Orc:2)
  2 water moccasins (D:6)
  19 orc warriors
  A sky beast (D:6)
  2 black bears (D:6)
  4 ogres
  A centaur (D:6)
  A phantom (D:5)
  5 kobold brigands
  4 bullfrogs
  A scorpion (D:3)
  15 killer bees
  2 howler monkeys
  An electric eel (D:6)
  A jelly (D:5)
  5 hounds
  A gnoll bouda (D:4)
  10 orc priests
  2 sleepcaps
  4 iguanas
  Ijyb (D:3)
  17 orc wizards
  Robin (D:3)
  A howler monkey zombie (D:10)
  25 gnolls
  9 adders
  2 shadow imps
  A white imp (D:8)
  A worm (D:4)
  A dart slug (D:3)
  57 orcs
  9 ball pythons
  6 bats
  3 endoplasms
  2 giant cockroaches (D:3)
  22 goblins
  15 hobgoblins
  6 jackals
  48 kobolds
  6 quokkas
  3 frilled lizards
  A rat (D:2)
353 creatures vanquished.

Vanquished Creatures (others)
  2 kobolds (D:6)
2 creatures vanquished.

Grand Total: 355 creatures vanquished

Notes
Turn   | Place    | Note
-------+----------+-------------------------------------------
     0 | D:1      | killer11drew the Demonspawn Fighter began the quest for the
                  | Orb.
     0 | D:1      | Reached XP level 1. HP: 18/18 MP: 1/1
    60 | D:1      | Reached skill level 2 in Axes
   210 | D:1      | Gained mutation: You have a small tail. [demonic ancestry]
   210 | D:1      | Reached XP level 2. HP: 24/24 MP: 2/2
   573 | D:2      | Found Webuono's Book Shoppe.
   586 | D:2      | Found a faded altar of an unknown god.
   599 | D:2      | Gained mutation: You regenerate a little health from kills.
                  | [demonic ancestry]
   599 | D:2      | Reached XP level 3. HP: 29/29 MP: 3/3
   681 | D:2      | Noticed a phantom
   843 | D:2      | Reached skill level 3 in Axes
  1191 | D:3      | Noticed a scorpion
  1201 | D:3      | Killed a scorpion
  1202 | D:3      | Gained mutation: You are partially covered in sharp spines.
                  | [demonic ancestry]
  1202 | D:3      | Reached XP level 4. HP: 22/35 MP: 4/4
  1306 | D:3      | Reached skill level 4 in Axes
  1306 | D:3      | Gained mutation: You regenerate health from kills. [demonic
                  | ancestry]
  1306 | D:3      | Reached XP level 5. HP: 41/41 MP: 5/5
  1444 | D:3      | Noticed Robin
  1452 | D:3      | Killed Robin
  1773 | D:3      | Noticed Ijyb
  1787 | D:3      | Killed Ijyb
  1788 | D:3      | Reached XP level 6. HP: 26/47 MP: 6/6
  2000 | D:4      | Reached skill level 5 in Axes
  2247 | D:4      | Noticed Eustachio
  2261 | D:4      | Killed Eustachio
  2263 | D:4      | Reached XP level 7. HP: 44/52 MP: 7/7
  2339 | D:4      | Found Tekoecre's Tremendous Tomes.
  2842 | D:5      | Entered Level 5 of the Dungeon
  2909 | D:5      | Reached skill level 6 in Axes
  2926 | D:5      | Found a transporter.
  3000 | D:5      | Reached skill level 5 in Armour
  3194 | D:5      | Reached skill level 7 in Axes
  3261 | D:5      | Noticed a kobold demonologist
  3277 | D:5      | Found a transporter.
  3293 | D:5      | Gained mutation: You regenerate a lot of health from kills.
                  | [demonic ancestry]
  3293 | D:5      | Reached XP level 8. HP: 58/58 MP: 8/8
  3948 | D:6      | Found a snail-covered altar of Cheibriados.
  4047 | D:6      | Reached skill level 8 in Axes
  4245 | D:6      | Found a staircase to the Ecumenical Temple.
  4266 | Temple   | Entered the Ecumenical Temple
  4359 | Temple   | Became a worshipper of Gozag Ym Sagoz the Greedy
  4649 | D:6      | Reached skill level 9 in Axes
  4767 | D:6      | Gained mutation: You have a tail ending in a sharp stinger.
                  | [demonic ancestry]
  4767 | D:6      | Reached XP level 9. HP: 58/63 MP: 9/9
  5233 | D:7      | Gained mutation: You are weak. (Str -2) [potion of
                  | mutation]
  5233 | D:7      | Gained mutation: You are strong-willed. (Will+) [potion of
                  | mutation]
  5461 | D:7      | Reached skill level 10 in Axes
  5652 | D:7      | Killed an unseen horror
  6134 | D:8      | Paralysed by a hornet for 1 turns
  6498 | D:9      | Reached skill level 11 in Axes
  6498 | D:9      | Gained mutation: You are partially covered in icy blue
                  | scales. (AC +2) [demonic ancestry]
  6498 | D:9      | Reached XP level 10. HP: 53/70 MP: 10/10
  6570 | D:9      | Noticed a two-headed ogre
  6571 | D:9      | Found a flagged portal.
  6599 | D:9      | Killed a two-headed ogre
  6735 | D:9      | Paralysed by a hornet for 1 turns
  6792 | D:9      | Noticed a two-headed ogre
  6798 | D:9      | Killed a two-headed ogre
  6799 | D:9      | Reached skill level 12 in Axes
  7116 | D:9      | Found Qapag's Antique Weapon Emporium.
  7273 | D:10     | Entered Level 10 of the Dungeon
  7338 | D:10     | Noticed a gargoyle
  7340 | D:10     | Noticed a soul eater
  7370 | D:10     | Killed a gargoyle
  7383 | D:10     | Noticed a two-headed ogre
  7392 | D:10     | Killed a two-headed ogre
  7393 | D:10     | Reached XP level 11. HP: 52/75 MP: 11/11
  7424 | D:10     | Found a transporter.
  7436 | D:10     | Noticed an orc knight
  7436 | D:10     | Noticed rinse's ghost (novice OpTm)
  7444 | D:10     | Found a staircase to the Lair.
  7449 | D:10     | Found a transporter.
  7524 | D:10     | Reached skill level 13 in Axes
  7610 | D:10     | Found an iron altar of Okawaru.
  7610 | D:10     | Found a radiant altar of Vehumet.
  7929 | D:11     | Noticed a white ugly thing
  7938 | D:11     | Killed a white ugly thing
  8021 | D:11     | Noticed a boulder beetle
  8040 | D:11     | Killed a boulder beetle
  8041 | D:11     | Reached skill level 10 in Armour
  8135 | D:11     | Noticed a two-headed ogre
  8144 | D:11     | Killed a two-headed ogre
  8295 | D:11     | Noticed a two-headed ogre
  8301 | D:11     | Killed a two-headed ogre
  8551 | D:11     | Noticed a deep elf pyromancer
  8557 | D:11     | Killed a deep elf pyromancer
  8558 | D:11     | Reached skill level 14 in Axes
  8609 | D:11     | Found a staircase to the Orcish Mines.
  8628 | Orc:1    | Entered Level 1 of the Orcish Mines
  8640 | Orc:1    | Noticed an orc sorcerer
  8675 | D:11     | Killed an orc sorcerer
  8812 | Orc:1    | Noticed an orc sorcerer
  8834 | Orc:1    | Paralysed by an orc sorcerer for 2 turns
  8839 | Orc:1    | Paralysed by an orc sorcerer for 3 turns
  8850 | Orc:1    | Killed an orc sorcerer
  9070 | Orc:2    | Entered Level 2 of the Orcish Mines
  9138 | Orc:2    | Noticed a two-headed ogre
  9149 | Orc:2    | Killed a two-headed ogre
  9150 | Orc:2    | Gained mutation: You have a sharp stinger which inflicts
                  | weakening toxins. [demonic ancestry]
  9150 | Orc:2    | Reached XP level 12. HP: 81/81 MP: 12/12
  9276 | Orc:2    | Found Jamn's Distillery.
  9307 | Orc:2    | Found a staircase to the Elven Halls.
  9315 | Orc:2    | Noticed Erolcha
  9325 | Orc:2    | Noticed Nessos
  9330 | Abyss:1  | Cast into level 1 of the Abyss (Erolcha)
  9394 | Abyss:1  | Noticed an ironbound thunderhulk
  9394 | Abyss:1  | Noticed a green very ugly thing
  9396 | Abyss:1  | Killed from afar by an ironbound thunderhulk

Illustrated notes

Levels and vault maps discovered:
D:1:      matt_arrival_spirals, layout_rooms
D:2:      layout_basic, serial_shops, shop, ebering_ecumenical_altar_box,
          lightli_corner_chamber
D:3:      cheibrodos_greedy_goblins, layout_loops_ring, serial_park_tiny_2,
          grunt_decor_one_mirror, uniq_ijyb, uniq_robin
D:4:      layout_gridville, nicolae_shop_i_like_big_books,
          minmay_misc_feat_tower, uniq_eustachio
D:5:      gammafunk_wand_slinger, layout_loops_cross
D:6:      minmay_goblin_kobold_castle, layout_basic,
          mainiacjoe_overflow_concentric_impassable,
          minmay_temple_entry_statues_fountains, chequers_serial_rivers_micro_e
D:7:      layout_basic
D:8:      layout_cave_pools
D:9:      layout_big_octagon, enter_bailey_6, serial_shops, shop,
          chequers_serial_rivers_micro_e, kennysheep_pointless_box,
          corexii_corridor_pit
D:10:     layout_cave_pools, gammafunk_temple_overflow_pools, serial_undead,
          serial_undead_f, serial_undead_f, serial_undead_f, serial_undead_e,
          gammafunk_ghost_arena
D:11:     layout_long_grid, minmay_orc_entry_temple_small
Temple:   compressed_dpeg_triangle_lava_temple
Orc:1:    layout_caves
Orc:2:    grunt_orc_community_town_hall, layout_diamond_mine,
          grunt_orc_community_big_house_2, grunt_orc_community_big_house_2,
          grunt_orc_community_house_3, grunt_orc_community_house_3,
          grunt_orc_community_house_1, grunt_orc_community_house_3,
          grunt_orc_community_house_1, basic_altar, uniq_sonja, uniq_erolcha,
          uniq_nessos
Abyss:1:  base:
Lair:2

Skill      XL: |  1  2  3  4  5  6  7  8  9 10 11 12 |
---------------+-------------------------------------+-----
Axes           | 2 3 4 5 7 9 11 12 14 | 14.8
Armour         | 3 4 5 6 8 9 10 11 | 11.0
Fighting       | |  3.0
Shields        | |  2.6

Action                     |  1- 3 |  4- 6 |  7- 9 | 10-12 || total
---------------------------+-------+-------+-------+-------++-------
  Melee: War axe           |    84 |   111 |   286 |   340 ||   821
         Tailslap          |     7 |    14 |    29 |    64 ||   114
 Invoke: Potion Petition   |       |       |       |     3 ||     3
  Evoke: Wand              |       |       |     2 |     1 ||     3
    Use: Potion            |       |     2 |     5 |     3 ||    10
         Scroll            |       |       |    19 |     3 ||    22
   Stab: Distracted        |       |       |     2 |     3 ||     5
         Invisible         |       |       |       |     5 ||     5
 Armour: Scale mail        |    35 |       |       |       ||    35
         Ring mail         |     4 |    40 |       |       ||    44
         Chain mail        |       |    13 |   212 |   198 ||   423
  Dodge: Dodged            |    41 |    38 |    66 |    67 ||   212
  Block: Buckler           |    30 |    23 |     3 |       ||    56
         Kite shield       |       |       |   146 |   182 ||   328

Table legend: (Time is in decaauts)
 A = Elapsed time spent in this place.
 B = Non-inter-level travel time spent in this place.
 C = Inter-level travel time spent in this place.
 D = Time resting spent in this place.
 E = Time spent auto-exploring this place.
 F = Levels seen in this place.
 G = Mean time per level.
                   A        B        C        D        E       F      G
               +--------+--------+--------+--------+--------+-----+--------+
         Total |   9571 |   9241 |    330 |    261 |   6597 |  15 |  638.1 |
       Dungeon |   8749 |   8423 |    326 |    261 |   6141 |  11 |  795.4 |
        Temple |    110 |    110 |      0 |      0 |      0 |   1 |  110.0 |
  Orcish Mines |    641 |    637 |      4 |      0 |    413 |   2 |  320.5 |
         Abyss |     69 |     69 |      0 |      0 |     43 |   1 |   69.0 |
               +--------+--------+--------+--------+--------+-----+--------+

Top non-repeatable levels by time:
     D:6: 1493 daAuts
     D:4: 913 daAuts
     D:5: 885 daAuts
     D:9: 882 daAuts
    D:11: 879 daAuts
     D:3: 778 daAuts
     D:2: 642 daAuts
     D:7: 612 daAuts
     D:1: 578 daAuts
    D:10: 551 daAuts
     D:8: 530 daAuts
   Orc:1: 383 daAuts
   Orc:2: 257 daAuts
  Temple: 110 daAuts
 Abyss:1: 69 daAuts
